 Dungeon Crawl Stone Soup version 0.29-a0-344-ge2f44be95a (webtiles) character file.

Game seed: 1110762880468750847

5599 thiscave3701365 the Severer (level 10, -5/86 HPs)
             Began as a Minotaur Berserker on Apr 21, 2022.
             Was an Elder of Trog.
             Slain by an orc knight
             ... wielding a +0 halberd
              (15 damage)
             ... in a bailey.
             The game lasted 00:10:01 (9671 turns).

thiscave3701365 the Severer (Minotaur Berserker)    Turns: 9671, Time: 00:10:02

Health: -5/86      AC: 15    Str: 27    XL:     10   Next: 45%
Magic:  9/9        EV: 10    Int:  4    God:    Trog [****..]
Gold:   687        SH:  0    Dex:  9    Spells: 9/9 levels left

rFire   . . .      SeeInvis .   f - +0 battleaxe
rCold   . . .      Faith    .   (shield currently unavailable)
rNeg    . . .      Spirit   .   y - +0 chain mail
rPois   .          Reflect  .   e - +2 hat
rElec   .          Harm     .   h - +0 cloak
rCorr   .          Rampage  .   p - +0 pair of gloves
Will    .....                   (no boots)
Stlth   ..........              k - amulet of regeneration
HPRegen 1.04/turn               C - ring of flight
MPRegen 0.11/turn               (no ring)

@: about to teleport, on berserk cooldown, flying, slowed, very slow
A: horns 2, retaliatory headbutt
a: Renounce Religion, Berserk, Trog's Hand, Brothers in Arms


You were in a bailey.
You worshipped Trog.
Trog was greatly pleased with you.
You visited 1 branch of the dungeon, and saw 8 of its levels.
You also visited: Ossuary and Bailey.

You collected 687 gold pieces.

Inventory:

Hand Weapons
 a - a +1 hand axe of protection
 f - a +0 battleaxe (weapon)
Missiles
 n - a throwing net
Armour
 e - a +2 hat (worn)
 h - a +0 cloak (worn)
 p - a +0 pair of gloves (worn)
 y - a +0 chain mail (worn)
Jewellery
 k - an amulet of regeneration (around neck)
 C - a ring of flight (left hand)
 D - a ring of ice
Wands
 A - a wand of digging (8)
Scrolls
 d - 3 scrolls of immolation
 j - 8 scrolls of identify
 o - a scroll of enchant weapon
 t - a scroll of fog
 x - a scroll of silence
Potions
 b - a potion of berserk rage {unknown}
 g - 8 potions of curing
 i - 2 potions of lignification {unknown}
 l - 2 potions of mutation {unknown}
 m - 6 potions of attraction {unknown}
 q - a potion of cancellation {unknown}
 r - a potion of ambrosia {unknown}
 s - 2 potions of flight {unknown}
 u - a potion of haste
 v - a potion of degeneration {unknown}
 z - 2 potions of might {unknown}
 B - 2 potions of heal wounds {unknown}
 F - a potion of brilliance {unknown}


   Skills:
 - Level 7.2 Fighting
 + Level 15.3 Axes
 - Level 6.7 Armour
 - Level 6.1 Dodging


You had 9 spell levels left.
You didn't know any spells.
Your spell library was empty.

Dungeon Overview and Level Annotations

Branches:
Dungeon (8/15)             Temple (0/1) D:7         Ossuary (visited)
 Bailey (1/1)
   Lair: D:8-11

Altars:
Yredelemnul
Zin

Annotations:
Bailey 2 runed translucent doors


Innate Abilities, Weirdness & Mutations

You have a pair of horns on your head.
You reflexively headbutt those who attack you in melee.


Message History

Unknown command.
You slash the orc warrior!
You kill the orc warrior!
Trog accepts your kill.
No target in view!
Unknown command.
No target in view!
You start resting.
An orc knight comes into view. It is wielding a +0 halberd.
An orc knight is nearby!
An orc knight is nearby!
An orc knight is nearby!
The orc knight shouts!
An orc warrior comes into view. It is wielding a +0 halberd.
Found a large runed translucent door.
The orc warrior shouts!
An orc warrior comes into view. It is wielding a +0 halberd.
The orc warrior shouts!
The deep elf zephyrmancer shouts!
You hit the orc knight but do no damage.
The orc knight hits you with a +0 halberd!! x2
The orc warrior hits you but does no damage.
You barely miss the orc knight. The orc warrior misses you.
The orc knight hits you with a +0 halberd!!
* * * LOW HITPOINT WARNING * * *
As you read the scroll of teleportation, it crumbles to dust.
You feel strangely unstable.
The orc warrior sings a few bars from the Orcish anthem.
The orc warrior hits you from afar with a +0 halberd!
* * * LOW HITPOINT WARNING * * *
The orc knight roars a battlecry!
The orc warriors go into a battle-frenzy!
You feel better. The orc warrior closely misses you.
The orc knight closely misses you.
The orc knight hits you with a +0 halberd!
* * * LOW HITPOINT WARNING * * *
The orc warrior barely misses you.
You feel better.
The orc warrior hits you but does no damage.
The orc knight hits you with a +0 halberd!
You die...

####### ♣≈≈≈≈≈♣
♣≈≈≈≈≈♣♣♣♣ ♣.≈≈≈≈≈..♣♣
♣..≈≈≈≈≈..♣#
####..≈≈≈≈...#
.##########.$#..≈≈≈≈≈..#
.....o.o)....#...≈≈≈≈...
.....o.@..))##...≈≈≈≈..♣
..########.)#....≈≈≈≈..♣
#... #8)#...######..
#.... #..#...........
..+..## #..'...........
..+.. #..'..)........
..#. #..#...........
.8## #8.#...######..
#..#....≈≈≈≈...


You could see an orc knight and 2 orc warriors.

Vanquished Creatures
  Joseph (D:7)
  Grinder (D:5)
  13 yaks
  2 wyverns
  2 basilisks (D:8)
  A steam dragon (D:8)
  4 water moccasins
  2 ice beasts
  3 orc warriors (Bailey)
  2 ogres (D:5)
  A centaur (D:6)
  2 phantoms (D:7)
  A kobold brigand (D:7)
  A bullfrog (D:8)
  A necrophage (D:6)
  4 scorpions
  5 wights (D:7)
  A howler monkey (D:6)
  A jelly (D:6)
  An orc priest (D:4)
  Crazy Yiuf (D:7)
  A hound (D:5)
  3 iguanas
  2 orc wizards
  8 mummies (Ossuary)
  3 gnolls (D:2)
  6 adders
  2 worms
  3 dart slugs (D:1)
  15 orcs
  5 endoplasms
  2 giant cockroaches
  A gnoll zombie (Ossuary)
  7 hobgoblins
  3 quokkas
  7 ball pythons
  7 bats
  2 frilled lizards
  6 goblins
  3 hobgoblin zombies (Ossuary)
  19 kobolds
  2 kobold zombies (Ossuary)
  2 orc zombies (Ossuary)
  6 rats
  2 rat zombies (D:4)
167 creatures vanquished.

Vanquished Creatures (others)
  5 fungi (D:8)
  12 plants
17 creatures vanquished.

Grand Total: 184 creatures vanquished

Notes
Turn   | Place    | Note
-------+----------+-------------------------------------------
     0 | D:1      | thiscave3701365 the Minotaur Berserker began the quest for
                  | the Orb.
     0 | D:1      | Reached XP level 1. HP: 19/19 MP: 0/0
   105 | D:1      | Reached XP level 2. HP: 27/27 MP: 1/1
   178 | D:1      | Found a faded altar of an unknown god.
   364 | D:1      | Reached skill level 4 in Axes
   482 | D:1      | Reached XP level 3. HP: 31/33 MP: 2/2
   949 | D:2      | Reached ** piety under Trog
  1040 | D:2      | Found a basalt altar of Yredelemnul.
  1231 | D:2      | Reached XP level 4. HP: 16/40 MP: 3/3
  2254 | D:3      | You fall into a shaft and drop 1 floor!
  2359 | D:4      | Found a sand-covered staircase.
  2400 | Ossuary  | Entered an ossuary
  2420 | Ossuary  | Reached XP level 5. HP: 14/47 MP: 4/4
  2423 | Ossuary  | Reached *** piety under Trog
  3107 | Ossuary  | Reached skill level 5 in Fighting
  3107 | Ossuary  | Reached skill level 5 in Axes
  3860 | D:4      | Reached XP level 6. HP: 40/56 MP: 5/5
  4735 | D:5      | Entered Level 5 of the Dungeon
  4997 | D:5      | Noticed a yak
  4998 | D:5      | Noticed a yak
  4998 | D:5      | Noticed a yak
  5000 | D:5      | Noticed a yak
  5007 | D:5      | Killed a yak
  5008 | D:5      | Reached skill level 5 in Armour
  5008 | D:5      | Reached XP level 7. HP: 62/62 MP: 6/6
  5009 | D:5      | Killed a yak
  5010 | D:5      | Reached skill level 6 in Axes
  5010 | D:5      | Reached skill level 5 in Dodging
  5014 | D:5      | Killed a yak
  5017 | D:5      | Killed a yak
  5018 | D:5      | Reached XP level 8. HP: 68/71 MP: 7/7
  5771 | D:5      | Noticed Grinder
  5774 | D:5      | Paralysed by Grinder for 3 turns
  5785 | D:5      | Killed Grinder
  5786 | D:5      | Reached skill level 7 in Axes
  6128 | D:5      | Found a glowing silver altar of Zin.
  6473 | D:6      | Reached skill level 8 in Axes
  6716 | D:6      | Reached skill level 9 in Axes
  6719 | D:6      | Reached XP level 9. HP: 79/79 MP: 8/8
  6723 | D:6      | Reached skill level 10 in Axes
  7810 | D:7      | Reached skill level 11 in Axes
  8044 | D:7      | Reached skill level 12 in Axes
  8168 | D:7      | Found a staircase to the Ecumenical Temple.
  8206 | D:7      | Noticed Joseph
  8217 | D:7      | Killed Joseph
  8251 | D:7      | Reached skill level 13 in Axes
  9112 | D:7      | Found a runed translucent door.
  9113 | D:7      | Noticed Crazy Yiuf
  9119 | D:7      | Killed Crazy Yiuf
  9422 | D:8      | Reached XP level 10. HP: 69/86 MP: 9/9
  9457 | D:8      | Reached skill level 14 in Axes
  9486 | D:8      | Reached skill level 15 in Axes
  9584 | D:8      | Found a flagged portal.
  9593 | Bailey   | Entered a bailey
  9640 | Bailey   | Reached **** piety under Trog
  9663 | Bailey   | Noticed an orc knight
  9665 | Bailey   | Found a large runed translucent door.
  9665 | Bailey   | Found a large runed translucent door.
  9666 | Bailey   | Noticed a deep elf zephyrmancer
  9669 | Bailey   | HP: 3/86 [orc warrior/+0 halberd (11)]
  9670 | Bailey   | HP: 1/86 [orc knight/+0 halberd (14)]
  9671 | Bailey   | Slain by an orc knight

Illustrated notes

Levels and vault maps discovered:
D:1:      dpeg_arrival_stone_temple_mockup, layout_basic,
          basic_ecumenical_altar, chequers_serial_rivers_micro_c
D:2:      layout_basic, basic_altar, serial_forest,
          infiniplex_forest_lined_room_, infiniplex_forest_zigzag_1,
          infiniplex_forest_clump_double, infiniplex_forest_lined_3_way,
          infiniplex_forest_lined_2, infiniplex_forest_corner_1,
          infiniplex_forest_lined_3, infiniplex_forest_lined_1
D:3:      layout_loops_corners
D:4:      layout_loops_ring, enter_ossuary_4
D:5:      layout_loops_ring, nicolae_overflow_hidden_temple, uniq_grinder
D:6:      layout_loops_ring, roderic_serpentine_path
D:7:      layout_gridville, minmay_temple_entry_hall, uniq_crazy_yiuf_cottage,
          uniq_joseph
D:8:      layout_cave_pods, minmay_lair_entry_grove, enter_bailey_8,
          minmay_orc_keep
Bailey:   bailey_polearm_elven_captive_hellmonk, bailey

Skill      XL: |  1  2  3  4  5  6  7  8  9 10 |
---------------+-------------------------------+-----
Fighting       | 4 5 6 7 |  7.2
Axes           | 4 5 6 9 13 15 | 15.3
Armour         | 3 4 5 6 |  6.7
Dodging        | 3 4 5 6 |  6.1

Action                   |  1- 3 |  4- 6 |  7- 9 | 10-12 || total
-------------------------+-------+-------+-------+-------++-------
Melee: Hand axe          |    69 |   141 |   135 |       ||   345
       Punch             |     2 |     2 |     3 |       ||     7
       Headbutt          |     8 |    30 |    24 |     5 ||    67
       Battleaxe         |       |       |    39 |    57 ||    96
Invok: Berserk           |       |     5 |     9 |     2 ||    16
  Use: Scroll            |       |       |    11 |     1 ||    12
       Potion            |       |       |       |     2 ||     2
Armor: Animal skin       |    20 |    30 |       |       ||    50
       Chain mail        |       |     6 |    77 |    42 ||   125
Dodge: Dodged            |    46 |    62 |    79 |    46 ||   233

Table legend: (Time is in decaauts)
 A = Elapsed time spent in this place.
 B = Non-inter-level travel time spent in this place.
 C = Inter-level travel time spent in this place.
 D = Time resting spent in this place.
 E = Time spent auto-exploring this place.
 F = Levels seen in this place.
 G = Mean time per level.
                   A        B        C        D        E       F      G
               +--------+--------+--------+--------+--------+-----+--------+
         Total |   9811 |   9446 |    365 |   3855 |   4611 |  10 |  981.1 |
       Dungeon |   8414 |   8049 |    365 |   2841 |   4352 |   8 | 1051.8 |
       Ossuary |   1317 |   1317 |      0 |   1010 |    224 |   1 | 1317.0 |
        Bailey |     79 |     79 |      0 |      3 |     35 |   1 |   79.0 |
               +--------+--------+--------+--------+--------+-----+--------+

Top non-repeatable levels by time:
     D:6: 1555 daAuts
     D:5: 1551 daAuts
     D:7: 1467 daAuts
 Ossuary: 1317 daAuts
     D:4: 1189 daAuts
     D:2: 1067 daAuts
     D:1: 931 daAuts
     D:8: 377 daAuts
     D:3: 274 daAuts
  Bailey: 79 daAuts
